BSA
NEW ORLEANS LOOTERS @ ORLANDO CALRISSIAN
09/27/2028
 
TOP OF THE 1ST
New Orleans Looters batting - Pitching for Orlando Calrissian : LHP Mark Collins
Pitching: LHP Mark Collins
Batting: SHB Arturo Sánchez 0-0: Called Strike
0-1: Ball
1-1: Ball
2-1: Called Strike
2-2: Ground out 1-3 (Groundball, 13S)
Batting: RHB Rubén Vázquez 0-0: Called Strike
0-1: Called Strike
0-2: SOLO HOME RUN (Flyball, 7D), Distance : 370 ft
Batting: RHB Stephen Shaw 0-0: Called Strike
0-1: Called Strike
0-2: Strikes out swinging
Batting: SHB Oliver Deleón 0-0: Fly out, F9 (Flyball, 89XD)
Top of the 1st over - 1 run(s), 1 hit(s), 0 error(s), 0 left on base; New Orleans 1 - Orlando 0
BOTTOM OF THE 1ST
Orlando Calrissian batting - Pitching for New Orleans Looters : RHP Chris Martin
Pitching: RHP Chris Martin
Batting: RHB José Pérez 0-0: Called Strike
0-1: Ball
1-1: Ball
2-1: Called Strike
2-2: Ground out 1-3 (Groundball, 13S)
Batting: LHB Danny Allen 0-0: Ball
1-0: Reached on error, E4 (Groundball, 4)
Batting: RHB Rich Anderson 0-0: Ball
1-0: Called Strike
1-1: Ball
2-1: Foul Ball, location: 2F
2-2: Foul Ball, location: 2F
2-2: Foul Ball, location: 2F
2-2: Fly out, F6 (Popup, 56D)
Batting: RHB Raúl Canó 0-0: Called Strike
0-1: Ball
1-1: Fielders Choice at 2nd, 6-4 (Groundball, 6)
Bottom of the 1st over - 0 run(s), 0 hit(s), 1 error(s), 0 left on base; New Orleans 1 - Orlando 0
TOP OF THE 2ND
New Orleans Looters batting - Pitching for Orlando Calrissian : LHP Mark Collins
Batting: LHB Seung-chun Mun 0-0: Foul Ball, location: 2F
0-1: Ball
1-1: Foul Ball, location: 2F
1-2: Ball
2-2: Foul Ball, location: 2F
2-2: Foul Ball, location: 2F
2-2: Ball
3-2: SOLO HOME RUN (Flyball, 9D), Distance : 384 ft
Batting: LHB Miguel Colón 0-0: Ball
1-0: Foul Ball, location: 2F
1-1: Fly out, F8 (Flyball, 8LM)
Batting: RHB Run-ming Zhu 0-0: Ball
1-0: Ball
2-0: Ball
3-0: Called Strike
3-1: Base on Balls
Batting: LHB Eduardo Rodríguez 0-0: Ball
1-0: Reached on error, E1 (Groundball, 13)
Run-ming Zhu to second
Batting: RHB Víctor Chávez 0-0: Ball
1-0: Ball
2-0: Swinging Strike
2-1: Called Strike
2-2: Ball
3-2: Fly out, F4 (Line Drive, 4)
Lined into DP, 4-6 (Line Drive, 4)
Top of the 2nd over - 1 run(s), 1 hit(s), 1 error(s), 1 left on base; New Orleans 2 - Orlando 0
BOTTOM OF THE 2ND
Orlando Calrissian batting - Pitching for New Orleans Looters : RHP Chris Martin
Batting: LHB Santiago Márquez 0-0: Foul Ball, location: 2F
0-1: Ball
1-1: Swinging Strike
1-2: Ball
2-2: Ball
3-2: Foul Ball, location: 2F
3-2: SINGLE (Line Drive, 78S)
Batting: RHB Júlio Negrón 0-0: Foul Ball, location: 2F
0-1: Swinging Strike
0-2: Strikes out swinging
Batting: SHB Brian Price 0-0: Ball
1-0: Called Strike
1-1: Called Strike
1-2: Ball
2-2: Foul Ball, location: 2F
2-2: Ball
3-2: Ground out 5-3 (Groundball, 56S)
Santiago Márquez to second
Batting: RHB Jesús Gonzáles 0-0: Foul Ball, location: 2F
0-1: Called Strike
0-2: Ground out 5-3 (Groundball, 56)
Bottom of the 2nd over - 0 run(s), 1 hit(s), 0 error(s), 1 left on base; New Orleans 2 - Orlando 0
TOP OF THE 3RD
New Orleans Looters batting - Pitching for Orlando Calrissian : LHP Mark Collins
Batting: SHB Arturo Sánchez 0-0: Ball
1-0: Ball
2-0: Called Strike
2-1: Fly out, F8 (Line Drive, 8RD)
Batting: RHB Rubén Vázquez 0-0: Called Strike
0-1: Foul Ball, location: 2F
0-2: Strikes out swinging
Batting: RHB Stephen Shaw 0-0: Ball
1-0: Ball
2-0: Ball
3-0: Base on Balls
Batting: SHB Oliver Deleón 0-0: Ball
1-0: Foul Ball, location: 2F
1-1: Fielders Choice at 2nd, 4-6 (Groundball, 4)
Top of the 3rd over - 0 run(s), 0 hit(s), 0 error(s), 0 left on base; New Orleans 2 - Orlando 0
BOTTOM OF THE 3RD
Orlando Calrissian batting - Pitching for New Orleans Looters : RHP Chris Martin
Batting: SHB Jaime Montés 0-0: Ground out 4-3 (Groundball, 4)
Batting: RHB José Pérez 0-0: Called Strike
0-1: Hit by Pitch
Batting: LHB Danny Allen 0-0: Ball
1-0: SINGLE (Groundball, 4MD)
José Pérez to second
Runner from 2nd tries for 3rd, SAFE, no throw
Batting: RHB Rich Anderson 0-0: Called Strike
0-1: Ball
1-1: Foul Ball, location: 2F
1-2: SINGLE (Groundball, 6D)
José Pérez scores
Danny Allen to second
Batting: RHB Raúl Canó 0-0: Grounds into double play, 6-4-3 (Groundball, 56)
Bottom of the 3rd over - 1 run(s), 2 hit(s), 0 error(s), 1 left on base; New Orleans 2 - Orlando 1
TOP OF THE 4TH
New Orleans Looters batting - Pitching for Orlando Calrissian : LHP Mark Collins
Batting: LHB Seung-chun Mun 0-0: Ball
1-0: Ball
2-0: Called Strike
2-1: Ball
3-1: DOUBLE (Flyball, 89D)
Batting: LHB Miguel Colón 0-0: Ball
1-0: Ball
2-0: Foul Ball, location: 2F
2-1: Called Strike
2-2: Ball
3-2: Strikes out swinging
Batting: RHB Run-ming Zhu 0-0: Foul Ball, location: 2F
0-1: Ball
1-1: Called Strike
1-2: Strikes out swinging
Batting: LHB Eduardo Rodríguez 0-0: Called Strike
0-1: Ball
1-1: Called Strike
1-2: Ball
2-2: Strikes out swinging
Top of the 4th over - 0 run(s), 1 hit(s), 0 error(s), 1 left on base; New Orleans 2 - Orlando 1
BOTTOM OF THE 4TH
Orlando Calrissian batting - Pitching for New Orleans Looters : RHP Chris Martin
Batting: LHB Santiago Márquez 0-0: Called Strike
0-1: Ball
1-1: Ball
2-1: Swinging Strike
2-2: Foul Ball, location: 2F
2-2: Strikes out swinging
Batting: RHB Júlio Negrón 0-0: SINGLE (Groundball, 56) (infield hit)
Batting: SHB Brian Price 0-0: Called Strike
0-1: Grounds into double play, 4-6-3 (Groundball, 4)
Bottom of the 4th over - 0 run(s), 1 hit(s), 0 error(s), 0 left on base; New Orleans 2 - Orlando 1
TOP OF THE 5TH
New Orleans Looters batting - Pitching for Orlando Calrissian : LHP Mark Collins
Batting: RHB Víctor Chávez 0-0: Ground out 5-3 (Groundball, 56S)
Batting: SHB Arturo Sánchez 0-0: Ball
1-0: Ball
2-0: Ball
3-0: Swinging Strike
3-1: Called Strike
3-2: Strikes out looking
Batting: RHB Rubén Vázquez 0-0: Ground out 6-3 (Groundball, 6)
Top of the 5th over - 0 run(s), 0 hit(s), 0 error(s), 0 left on base; New Orleans 2 - Orlando 1
BOTTOM OF THE 5TH
Orlando Calrissian batting - Pitching for New Orleans Looters : RHP Chris Martin
Batting: RHB Jesús Gonzáles 0-0: Ball
1-0: TRIPLE (Flyball, 89XD)
Batting: SHB Jaime Montés 0-0: Called Strike
0-1: Foul Ball, location: 2F
0-2: Ball
1-2: Strikes out swinging
Batting: RHB José Pérez 0-0: Ground out 6-3 (Groundball, 56)
Jesús Gonzáles scores
Batting: LHB Danny Allen 0-0: Ball
1-0: Ball
2-0: Ball
3-0: Called Strike
3-1: Foul Ball, location: 2F
3-2: Foul Ball, location: 2F
3-2: Reached on error, E4 (Groundball, 4)
Batting: RHB Rich Anderson 0-0: Swinging Strike
0-1: Ball
1-1: Foul Ball, location: 2F
1-2: Foul Ball, location: 2F
1-2: SINGLE (Groundball, 56D)
Danny Allen to third
Runner from 3rd tries for Home, SAFE, throw made home
Batting: RHB Raúl Canó 0-0: Ball
1-0: Foul Ball, location: 2F
1-1: Ground out 1-3 (Groundball, 13S)
Bottom of the 5th over - 2 run(s), 2 hit(s), 1 error(s), 1 left on base; New Orleans 2 - Orlando 3
TOP OF THE 6TH
New Orleans Looters batting - Pitching for Orlando Calrissian : LHP Mark Collins
Batting: RHB Stephen Shaw 0-0: SINGLE (Groundball, 56D)
Batting: SHB Oliver Deleón 0-0: Swinging Strike
0-1: Grounds into double play, 4-6-3 (Groundball, 4)
Batting: LHB Seung-chun Mun 0-0: Called Strike
0-1: Ball
1-1: Ball
2-1: Foul Ball, location: 2F
2-2: Ball
3-2: Ground out U3 (Groundball, 34)
Top of the 6th over - 0 run(s), 1 hit(s), 0 error(s), 0 left on base; New Orleans 2 - Orlando 3
BOTTOM OF THE 6TH
Orlando Calrissian batting - Pitching for New Orleans Looters : RHP Chris Martin
Batting: LHB Santiago Márquez 0-0: Called Strike
0-1: Called Strike
0-2: Ball
1-2: Ball
2-2: SOLO HOME RUN (Line Drive, 89XD), Distance : 410 ft
Batting: RHB Júlio Negrón 0-0: Foul Ball, location: 2F
0-1: Called Strike
0-2: Ball
1-2: Ground out 5-3 (Groundball, 5L)
Batting: SHB Brian Price 0-0: Ground out 6-3 (Groundball, 6)
Batting: RHB Jesús Gonzáles 0-0: Called Strike
0-1: Ball
1-1: Called Strike
1-2: SINGLE (Groundball, 56D)
Batting: SHB Jaime Montés 0-0: Called Strike
0-1: Ball
1-1: SINGLE (Groundball, 4M) (infield hit)
Jesús Gonzáles to second
Batting: RHB José Pérez 0-0: Foul Ball, location: 2F
0-1: Swinging Strike
0-2: Ball
1-2: Foul Ball, location: 2F
1-2: Strikes out swinging
Bottom of the 6th over - 1 run(s), 3 hit(s), 0 error(s), 2 left on base; New Orleans 2 - Orlando 4
TOP OF THE 7TH
New Orleans Looters batting - Pitching for Orlando Calrissian : LHP Mark Collins
Batting: LHB Miguel Colón 0-0: Ball
1-0: Called Strike
1-1: Ball
2-1: Foul Ball, location: 2F
2-2: SOLO HOME RUN (Flyball, 7LD), Distance : 342 ft
Batting: RHB Run-ming Zhu 0-0: Hit by Pitch
Batting: LHB Eduardo Rodríguez 0-0: Sac Bunt - play at first, batter OUT! 1-4
Run-ming Zhu to second
Batting: RHB Víctor Chávez 0-0: Ground out 6-3 (Groundball, 6S)
Run-ming Zhu to third
Pinch Hitting: RHB Tim Gardner 0-0: Ball
1-0: Fly out, F6 (Line Drive, 6)
Top of the 7th over - 1 run(s), 1 hit(s), 0 error(s), 1 left on base; New Orleans 3 - Orlando 4
BOTTOM OF THE 7TH
Orlando Calrissian batting - Pitching for New Orleans Looters : RHP Chris Martin
Now at 3B: Tim Gardner
Batting: LHB Danny Allen 0-0: Ball
1-0: Ball
2-0: Called Strike
2-1: Foul Ball, location: 2F
2-2: Foul Ball, location: 2F
2-2: Foul Ball, location: 2F
2-2: Foul Ball, location: 2F
2-2: Foul Ball, location: 2F
2-2: Foul Ball, location: 2F
2-2: DOUBLE (Line Drive, 89D)
Batting: RHB Rich Anderson 0-0: Intentional Walk
Pitching: RHP Ienobu Sato
Batting: RHB Raúl Canó 0-0: Ball
1-0: Foul Ball, location: 2F
1-1: Foul Ball, location: 2F
1-2: Foul Ball, location: 2F
1-2: Foul Ball, location: 2F
1-2: Strikes out looking
Pitching: LHP Tadao Yoshida
Batting: LHB Santiago Márquez 0-0: SINGLE (Line Drive, 9LS)
Danny Allen to third
Rich Anderson to second
Pitching: RHP Anthony O'Connor
Pinch Hitting: SHB Cristo Ontiveros 0-0: Foul Ball, location: 2F
0-1: Ball
1-1: Ball
Wild Pitch!
Danny Allen scores
Rich Anderson to third
Santiago Márquez to second
2-1: Intentional Walk
Batting: SHB Brian Price 0-0: Called Strike
0-1: Grounds into fielders choice 3-2 (Groundball, 34S)
Santiago Márquez to third
Cristo Ontiveros to second
Pinch Hitting: LHB Juan Colón 0-0: Ball
1-0: Swinging Strike
1-1: Swinging Strike
1-2: Strikes out swinging
Bottom of the 7th over - 1 run(s), 2 hit(s), 0 error(s), 3 left on base; New Orleans 3 - Orlando 5
TOP OF THE 8TH
New Orleans Looters batting - Pitching for Orlando Calrissian : LHP Mark Collins
Now at 1B: Javier Jiménez
Now at 2B: Enrique Bermúdez
Batting: RHB Rubén Vázquez 0-0: Called Strike
0-1: Foul Ball, location: 2F
0-2: Ball
1-2: Foul Ball, location: 2F
1-2: Ground out 5-3 (Groundball, 56)
Batting: RHB Stephen Shaw 0-0: Ball
1-0: Fly out, F7 (Flyball, 7S)
Batting: SHB Oliver Deleón 0-0: Called Strike
0-1: Fly out, F8 (Flyball, 8RS)
Top of the 8th over - 0 run(s), 0 hit(s), 0 error(s), 0 left on base; New Orleans 3 - Orlando 5
BOTTOM OF THE 8TH
Orlando Calrissian batting - Pitching for New Orleans Looters : RHP Anthony O'Connor
Batting: SHB Jaime Montés 0-0: Called Strike
0-1: Called Strike
0-2: Ball
1-2: Strikes out looking
Batting: RHB José Pérez 0-0: Called Strike
0-1: Swinging Strike
0-2: Strikes out swinging
Batting: LHB Danny Allen 0-0: Swinging Strike
0-1: Swinging Strike
0-2: Ball
1-2: Ball
2-2: SINGLE (Groundball, 34) (infield hit)
Batting: RHB Rich Anderson 0-0: Ball
1-0: Ball
2-0: Foul Ball, location: 2F
2-1: Foul Ball, location: 2F
2-2: Ball
3-2: Foul Ball, location: 2F
3-2: Ground out 5-3 (Groundball, 5)
Bottom of the 8th over - 0 run(s), 1 hit(s), 0 error(s), 1 left on base; New Orleans 3 - Orlando 5
TOP OF THE 9TH
New Orleans Looters batting - Pitching for Orlando Calrissian : LHP Mark Collins
Pitching: LHP Xavier Velázquez
Batting: LHB Seung-chun Mun 0-0: Ball
1-0: Ball
2-0: Foul Ball, location: 2F
2-1: Ball
3-1: Foul Ball, location: 2F
3-2: SINGLE (Groundball, 3D)
Pinch Hitting: RHB José Mora 0-0: Foul Ball, location: 2F
0-1: Ball
1-1: Swinging Strike
1-2: Foul Ball, location: 2F
1-2: Strikes out swinging
Batting: RHB Run-ming Zhu 0-0: Ball
1-0: Ball
2-0: Grounds into double play, 5-4-3 (Groundball, 56)
Top of the 9th over - 0 run(s), 1 hit(s), 0 error(s), 0 left on base; New Orleans 3 - Orlando 5
Tuesday, August 8th, 2017 - OOTP Baseball 17.12 Build 75